 Dungeon Crawl Stone Soup version 0.30.1 (webtiles) character file.

Game seed: 11935286187211585991

201 Fodor the Covered (level 5, 0/47 HPs)
             Began as a Minotaur Fighter on July 8, 2023.
             Slain by an adder (1 damage)
             ... on level 3 of the Dungeon.
             The game lasted 00:11:58 (2758 turns).

Fodor the Covered (Minotaur Fighter)                Turns: 2758, Time: 00:12:02

Health: 0/47       AC: 11    Str: 20 (23) XL:     5   Next: 50%
Magic:  4/4        EV:  9    Int:  4 (5)  God:
Gold:   213        SH:  4    Dex:  7 (9)  Spells: 4/4 levels left

rFire   . . .        a - +0 long sword
rCold   . . .        c - +0 buckler
rNeg    . . .        b - +0 scale mail
rPois   .            (helmet restricted)
rElec   .            (no cloak)
rCorr   .            (no gloves)
SInv    .            (no boots)
Will    .....        (no amulet) Stlth
                     q - +4 ring of protection
HPRegen 0.27/turn    (no ring)
MPRegen 0.09/turn

%: no passive effects
@: flying
A: horns 2, retaliatory headbutt, sense surroundings 1, inability to drink after
injury 1, MP-powered wands
a: no special abilities


You were on level 3 of the Dungeon.
You visited 1 branch of the dungeon, and saw 3 of its levels.

You collected 213 gold pieces.

Inventory:

Hand Weapons
 a - a +0 long sword (weapon)
Missiles
 f - 19 stones (quivered)
Armour
 b - a +0 scale mail (worn)
 c - a +0 buckler (worn)
Jewellery
 q - a +4 ring of protection (left hand)
Scrolls
 e - a scroll of teleportation {unknown}
 g - 3 scrolls of identify
 j - 3 scrolls of enchant weapon
 n - a scroll of vulnerability {unknown}
 p - 2 scrolls of immolation {unknown}
Potions
 d - a potion of might
 o - a potion of ambrosia {unknown}


   Skills:
 + Level 4.6 Fighting
 + Level 4.2 Long Blades
 + Level 5.0 Armour
 + Level 0.8 Dodging
 + Level 0.2 Stealth
 + Level 4.6 Shields


You had 4 spell levels left.
You didn't know any spells.
Your spell library contained the following spells:

 Spells                   Type           Power      Damage    Failure   Level
 Magic Dart               Conj           0%         1d3       88%         1
 Shock                    Conj/Air       0%         1d3       88%         1
 Blink                    Tloc           0%         N/A       96%         2
 Searing Ray              Conj           0%         2d4       96%         2
 Swiftness                Air            0%         N/A       99%         3
 Airstrike                Air            0%         2d(0-16)  100%        4
 Fulminant Prism          Conj/Hex       0%         3d5       100%        4
 Manifold Assault         Tloc           0%         N/A       100%        4
 Storm Form               Tmut/Air       0%         N/A       100%        7


Dungeon Overview and Level Annotations

Branches:
Dungeon (3/15)

Altars:
Makhleb

Annotations:
D:3 2 transporters, AgateBread's ghost, amateur TeAE


Innate Abilities, Weirdness & Mutations

You have a pair of horns on your head.
You reflexively headbutt those who attack you in melee.
You passively map a small area around you.
You occasionally lose the ability to drink potions when taking damage.
You expend magic power (3 MP) to strengthen your wands.


Message History

You feel your magical essence link to the dungeon's wands.
You feel a strange attunement to the structure of the dungeons.
* * * LOW HITPOINT WARNING * * *
You feel sick. You block the adder's attack.
AgateBread's ghost whispers, "Everlasting silence awaits you..."
The adder bites you but does no damage.
It was a potion of flight.
You feel very buoyant.
You fly up into the air.
* * * LOW HITPOINT WARNING * * *
You feel sick. The adder bites you but does no damage.
Unknown command.
It was a potion of degeneration.
There was something very wrong with that liquid.
You feel weakened.
You feel dopey.
You feel clumsy.
* * * LOW HITPOINT WARNING * * *
You feel sick.
AgateBread's ghost wails.
The adder bites you but does no damage.
Okay, then.
As you read the scroll labelled LURISI YMMEY, it crumbles to dust.
It is a scroll of identify.
j - 3 scrolls of enchant weapon
* * * LOW HITPOINT WARNING * * *
You feel sick. You block the adder's attack.
The kobold hits you but does no damage.
Unknown command.
As you read the scroll labelled ONOKHL ECYOVVU, it crumbles to dust.
You feel aware of your surroundings.
It was a scroll of magic mapping.
* * * LOW HITPOINT WARNING * * *
You feel sick. The adder bites you but does no damage. The kobold misses you.
You block the adder's attack.
Unknown command.
As you read the scroll labelled APROSO OFIKKE, it crumbles to dust.
The scroll dissolves into smoke.
It was a scroll of fog.
* * * LOW HITPOINT WARNING * * *
You feel sick.
You are no longer poisoned.
The kobold hits you but does no damage. The adder bites you.
You die...

..##8.$)$.8##...#.**,,,,,,,,,,,,,
..#........©#...#,**,********,*,,
..#..#...#..#.....,*,* *,*,,
..#.#.....#.#....#,*,# **,**,
..#....©....#...,*,,.###****,,,*,
..#r#.....#r#..###*#...,,,,,,,,,,
..#W.#...#.W#..§.#...*******,,,*,
..#lO......O#..§K#.#,# **,,,,
..##8.....8##..§@§.#.##******,,**
...#########...§S§§.[...,,,,,,,,,
.......©.......§#.[#####*,****,**
#......).......).#....,,,,,,,,,,,
####.##.#####.#.#######**,****,**
***#....# #.#.# *,* *,**
,,,..#### ##.#.# *<* *,** **#.##
#....# *,* *,** #.* #..### ***,*
*,**


You could see an ogre, AgateBread's ghost, an adder, a quokka and a kobold.

Vanquished Creatures
  Sigmund (D:2)
  A dart slug (D:1)
  4 ball pythons
  2 endoplasms
  A giant cockroach (D:3)
  A goblin (D:1)
  3 hobgoblins (D:1)
  4 jackals (D:1)
  6 kobolds
  2 quokkas (D:1)
  3 bats
  3 frilled lizards
  5 rats
36 creatures vanquished.

Notes
Turn   | Place    | Note
-------+----------+-------------------------------------------
     0 | D:1      | Fodor the Minotaur Fighter began the quest for the Orb.
     0 | D:1      | Reached XP level 1. HP: 19/19 MP: 0/0
   190 | D:1      | Reached skill level 4 in Armour
   213 | D:1      | Reached XP level 2. HP: 25/27 MP: 1/1
   382 | D:1      | Found a faded altar of an unknown god.
   580 | D:1      | Reached XP level 3. HP: 30/33 MP: 2/2
  1420 | D:2      | Noticed Sigmund
  1437 | D:2      | Killed Sigmund
  1438 | D:2      | Reached XP level 4. HP: 13/41 MP: 3/3
  1438 | D:2      | Reached XP level 5. HP: 15/47 MP: 4/4
  2468 | D:3      | Found a transporter.
  2469 | D:3      | Noticed an ogre
  2473 | D:3      | Noticed AgateBread's ghost (amateur TeAE)
  2483 | D:3      | Found a transporter.
  2590 | D:3      | Reached skill level 5 in Armour
  2684 | D:3      | Found a burning altar of Makhleb.
  2684 | D:3      | Noticed a cacodemon
  2688 | D:3      | Noticed a neqoxec
  2688 | D:3      | Noticed a ynoxinul
  2753 | D:3      | Gained mutation: You occasionally lose the ability to drink
                  | potions when taking damage. [potion of mutation]
  2753 | D:3      | Gained mutation: You expend magic power (3 MP) to
                  | strengthen your wands. [potion of mutation]
  2753 | D:3      | Gained mutation: You passively map a small area around you.
                  | [potion of mutation]
  2757 | D:3      | HP: 2/47 [poisoned by an adder]
  2758 | D:3      | Slain by an adder

Illustrated notes

Levels and vault maps discovered:
D:1:      pf_arrival_petrified_forest, layout_basic,
          shapermc_ecumenical_altar_gd
D:2:      layout_basic, nrook_uturn, nicolae_figureground_sparkle, uniq_sigmund
D:3:      layout_loops_ring, makhleb_altar_promises_db, gammafunk_ghost_arena,
          chequers_serial_rivers_micro_d, serial_bayou_pond_e, uniq_natasha

Skill      XL: |  1  2  3  4  5 |
---------------+----------------+-----
Armour         | 4 5 |  5.0
Shields        | 4 |  4.6
Long Blades    | 3 4 |  4.2
Fighting       | 4 |  4.6
Dodging        | |  0.8
Stealth        | |  0.2

Action                     |  1- 3 |  4- 6 || total
---------------------------+-------+-------++-------
  Melee: Long sword        |    70 |    19 ||    89
         Headbutt          |    14 |       ||    14
  Throw: Stone             |     1 |       ||     1
    Use: Scroll            |       |     3 ||     3
         Potion            |       |     3 ||     3
 Armour: Scale mail        |    26 |    14 ||    40
  Dodge: Dodged            |    33 |    12 ||    45
  Block: Buckler           |    19 |    12 ||    31
